 Dungeon Crawl Stone Soup version 0.27-a0-1256-gced786f65e (webtiles) character file.

Game seed: 16848690098905250747

37 tilp the Caller (level 3, 0/27 HPs)
             Began as a Barachi Summoner on June 10, 2021.
             Slain by a jackal (2 damage)
             ... on level 2 of the Dungeon.
             The game lasted 00:02:57 (1649 turns).

tilp the Caller (Barachi Summoner)                  Turns: 1649, Time: 00:02:57

Health: 0/27       AC:  3    Str: 10    XL:     3   Next: 39%
Magic:  2/7        EV: 11    Int: 15    God:
Gold:   789        SH:  0    Dex: 12    Spells: 1/7 levels left

rFire    . . .     SeeInvis .   a - +1 short sword (venom)
rCold    . . .     Faith    .   (no shield)
rNeg     . . .     Spirit   .   e - +0 leather armour
rPois    .         Reflect  .   (no helmet)
rElec    .         Harm     .   (no cloak)
rCorr    .         Rampage  .   (no gloves)
Will     .....                  (no boots)
Stlth    ++........             (no amulet)
HPRegen  0.09/turn              (no ring)
MPRegen  0.10/turn              (no ring)

@: unable to hop, slow
A: amphibious, slowness 1, strong legs 1, +LOS
a: Hop


You were on level 2 of the Dungeon.
You visited 1 branch of the dungeon, and saw 2 of its levels.

You collected 789 gold pieces.

Inventory:

Hand Weapons
 a - a +1 short sword of venom (weapon)
 b - a +0 spear
Armour
 e - a +0 leather armour (worn)


   Skills:
 - Level 2.0 Fighting
 - Level 2.1 Dodging
 - Level 1.7 Stealth
 + Level 2.8 Spellcasting
 + Level 5.3 Summonings


You had one spell level left.
You knew the following spells:

 Your Spells              Type           Power      Damage    Failure   Level
a - Summon Small Mammal   Summ           72%        N/A       3%          1
b - Call Imp              Summ           18%        N/A       4%          2
c - Call Canine Familiar  Summ           18%        N/A       10%         3

Your spell library contained the following spells:

 Spells                   Type           Power      Damage    Failure   Level
 Summon Guardian Golem    Hex/Summ       10%        N/A       28%         3
 Summon Ice Beast         Ice/Summ       10%        N/A       67%         4
 Summon Lightning Spire   Summ/Air       10%        N/A       67%         4


Dungeon Overview and Level Annotations

Branches:
Dungeon (2/15)

Altars:


Innate Abilities, Weirdness & Mutations

You are amphibious.
You cover ground slowly.
You can hop short distances.
You have an extended range of vision and can be seen from far away.


Message History

* * * LOW HITPOINT WARNING * * *
You barely miss the hobgoblin.
You kill the jackal!
The jackal bites your hound. The jackal barely misses you.
Your hound barely misses the jackal.
The hobgoblin hits you.
* * * LOW HITPOINT WARNING * * *
The jackal closely misses your hound.
The jackal bites you but does no damage.
Your hound barely misses the jackal.
Casting: Call Imp (safe; 4% risk of failure)
Confirm with . or Enter, or press ? or * to list all spells.
A beastly little devil appears in a puff of flame.
The jackal closely misses your hound.
The jackal bites you but does no damage.
Your hound bites the jackal.
The hobgoblin completely misses you.
Unknown command.
You hit the jackal but do no damage.
The jackal is poisoned.
The jackal misses your hound.
The jackal closely misses your crimson imp.
Your hound misses the jackal. The jackal barely misses you.
The hobgoblin closely misses you. The jackal closely misses your hound.
The jackal misses your crimson imp.
Your crimson imp misses the jackal.
Your crimson imp blinks!
The jackal barely misses you.
Your hound misses the jackal. You completely miss the hobgoblin.
Your hound barely misses the jackal.
The jackal closely misses your hound.
The jackal bites your crimson imp but does no damage.
The jackal closely misses you. The hobgoblin hits you.
* * * LOW HITPOINT WARNING * * *
Your crimson imp blinks!
Unknown command.
Your hound bites the jackal.
The jackal bites your hound but does no damage.
Your hound bites the jackal.
The jackal closely misses your hound. The jackal barely misses you.
You swap places.
Your hound disappears in a puff of smoke!
The hobgoblin closely misses your crimson imp.
Your crimson imp hits the hobgoblin.
The jackal bites you.
You die...

#.####.#. #.(.....
# #...... #.##.#..
.. .....#### .#
#.#....# .#
#).<...##+#.#
#....5......#
+...@hgh5...#
#......†§...#
#.......h...#.#...
#########.........
##........
......#. ........
.....)#. ...####


You could see 3 jackals, a hobgoblin (ally target) and 2 friendly crimson imps.

Vanquished Creatures
  An adder (D:2)
  A dart slug (D:1)
  A giant cockroach (D:1)
  A jackal (D:2)
  A kobold (D:2)
  A quokka (D:1)
  3 ball pythons (D:1)
  A rat (D:1)
10 creatures vanquished.

Vanquished Creatures (collateral kills)
  An adder (D:2)
  A bat (D:1)
  4 endoplasms (D:1)
  2 hobgoblins (D:1)
  5 jackals (D:1)
  2 kobolds (D:1)
  2 quokkas (D:1)
  2 ball pythons (D:1)
  A rat (D:1)
20 creatures vanquished.

Grand Total: 30 creatures vanquished

Notes
Turn   | Place    | Note
-------+----------+-------------------------------------------
     0 | D:1      | tilp the Barachi Summoner began the quest for the Orb.
     0 | D:1      | Reached XP level 1. HP: 13/13 MP: 3/3
   107 | D:1      | Reached skill level 1 in Fighting
   679 | D:1      | Reached XP level 2. HP: 20/22 MP: 0/5
   685 | D:1      | Learned a level 2 spell: Call Imp
  1000 | D:1      | Reached skill level 5 in Summonings
  1573 | D:1      | Identified a scroll of acquirement
  1574 | D:1      | Acquired 766 gold pieces
  1617 | D:2      | Reached XP level 3. HP: 27/27 MP: 6/6
  1622 | D:2      | Learned a level 3 spell: Call Canine Familiar
  1649 | D:2      | Slain by a jackal

Illustrated notes

Levels and vault maps discovered:
D:1:      dpeg_arrival_rooms_b, layout_rooms, serial_park_tiny_2,
          corexii_hall_statues_l, hangedman_decor_riveting
D:2:      layout_basic

Skill      XL: |  1  2 |
---------------+-------+-----
Fighting       | 1 2 |  2.0
Summonings     | 5 |  5.3
Dodging        | |  2.1
Stealth        | |  1.7
Spellcasting   | |  2.8

Action                   || total
-------------------------++-------
Melee: Unarmed           ||    23
       Spear             ||    29
       Whip              ||    14
       Short sword       ||    14
 Cast: Summon Small Mamm ||    26
       Call Imp          ||    10
       Call Canine Famil ||     1
 Abil: Hop               ||     1
  Use: Scroll            ||     2
 Stab: Sleeping          ||     1
Armor: Leather armour    ||    29
Dodge: Dodged            ||    72

Table legend: (Time is in decaauts)
 A = Elapsed time spent in this place.
 B = Non-inter-level travel time spent in this place.
 C = Inter-level travel time spent in this place.
 D = Time resting spent in this place.
 E = Time spent auto-exploring this place.
 F = Levels seen in this place.
 G = Mean time per level.
                   A        B        C        D        E       F      G
               +--------+--------+--------+--------+--------+-----+--------+
         Total |   1770 |   1725 |     45 |    233 |   1158 |   2 |  885.0 |
       Dungeon |   1770 |   1725 |     45 |    233 |   1158 |   2 |  885.0 |
               +--------+--------+--------+--------+--------+-----+--------+

Top non-repeatable levels by time:
     D:1: 1732 daAuts
     D:2: 38 daAuts
